 Dungeon Crawl Stone Soup version 0.31.0-12-g77e489cdc1 (webtiles) character file.

Game seed: 10124204284564370951

686 ChadusMaximus the Summoner (level 7, 0/46 HPs)
             Began as a Barachi Summoner on Mar 3, 2024.
             Slain by a white imp (3 damage)
             ... on level 4 of the Dungeon.
             The game lasted 00:05:42 (4187 turns).

ChadusMaximus the Summoner (Barachi Summoner)       Turns: 4187, Time: 00:05:43

Health: 0/46       AC:  9    Str: 10    XL:     7   Next: 62%
Magic:  9/13       EV: 11    Int: 17    God:
Gold:   152        SH:  4    Dex: 12    Spells: 5/15 levels left

rFire   . . .        z - +6 hand axe (heavy)
rCold   . . .        r - +0 buckler
rNeg    . . .        a - +0 robe
rPois   .            k - +1 helmet
rElec   .            (no cloak)
rCorr   .            f - +1 pair of gloves
SInv    .            m - +2 pair of boots
Will    .....        p - amulet of magic regeneration
Stlth   ++           (no ring)
HPRegen 0.27/turn    (no ring)
MPRegen 0.53/turn

%: no passive effects
@: inugami summoned, slow
A: amphibious, slowness 1, strong legs 1, +LOS
a: Hop


You were on level 4 of the Dungeon.
You visited 1 branch of the dungeon, and saw 5 of its levels.

You collected 152 gold pieces.

Inventory:

Hand Weapons
 x - a +0 hand axe of venom
 z - a +6 heavy hand axe (weapon)
Missiles
 i - 5 silver javelins (quivered)
Armour
 a - a +0 robe (worn)
 f - a +1 pair of gloves (worn)
 k - a +1 helmet (worn)
 m - a +2 pair of boots (worn)
 r - a +0 buckler (worn)
Jewellery
 p - an amulet of magic regeneration (around neck)
 s - an amulet of regeneration
 u - a ring of ice
Scrolls
 c - 3 scrolls of teleportation
 o - a scroll of blinking
 q - a scroll of fog {unknown}
 y - a scroll of vulnerability {unknown}
Potions
 b - 2 potions of magic
 e - a potion of haste {unknown}
 t - 2 potions of attraction {unknown}
 v - a potion of invisibility {unknown}
 w - a potion of mutation {unknown}


   Skills:
 - Level 2.1 Dodging
 - Level 1.7 Stealth
 + Level 3.7 Shields
 + Level 4.6 Spellcasting
 * Level 8.6 Summonings


You had 5 spell levels left.
You knew the following spells:

 Your Spells              Type           Power      Damage    Failure   Level
a - Summon Small Mammal   Summ           100%       N/A       1%          1
b - Call Canine Familiar  Summ           33%        N/A       1%          3
c - Call Imp              Summ           66%        N/A       1%          2
d - Summon Lightning Spi  Summ/Air       18%        N/A       34%         4

Your spell library contained the following spells:

 Spells                   Type           Power      Damage    Failure   Level
 Summon Blazeheart Golem  Fire/Summ      18%        N/A       34%         4
 Fugue of the Fallen      Necr           3%         N/A       54%         3
 Ozocubu's Armour         Ice            3%         N/A       54%         3
 Manifold Assault         Tloc           3%         N/A       91%         4


Dungeon Overview and Level Annotations

Branches:
Dungeon (5/15)
 Temple: D:4-7

Altars:
Ashenzari
Okawaru
Trog
Uskayaw

Shops:
D:2 [

Annotations:
D:3 3 runed translucent doors, riffraff's ghost, amateur MiBe


Innate Abilities, Weirdness & Mutations

You are amphibious.
You cover ground slowly.
You can hop short distances.
You have an extended range of vision and can be seen from far away.


Message History

Grinder dies!
The white imp gestures at you. The puff of frost hits you.
The gnoll barely misses you.
The gnoll throws a stone.
The stone misses you.
Casting: Call Canine Familiar (safe; 1% risk of failure)
Confirm with . or Enter, or press ? or * to list all spells.
You imbue your familiar with magical energy and its fangs glint viciously.
The white imp hits you. The white imp freezes you.
The gnoll hits you but does no damage.
The gnoll throws a stone.
The stone barely misses you.
Your inugami hits the white imp but does no damage. x2
The white imp gestures at you. The puff of frost hits you.
* * * LOW HITPOINT WARNING * * *
The gnoll closely misses you. The gnoll completely misses you.
Your inugami hits the white imp.
You climb upwards.
Your summoned ally is left behind.
There is a stone staircase leading down here.
Casting: Call Canine Familiar (safe; 1% risk of failure)
Confirm with . or Enter, or press ? or * to list all spells.
You call for your canine familiar and it appears with a howl!
The white imp gestures at you. The puff of frost misses you.
Unknown command.
Casting: Call Canine Familiar (safe; 1% risk of failure)
Confirm with . or Enter, or press ? or * to list all spells.
A tiny devil pulls itself out of the air.
You block the white imp's attack.
Unknown command.
You barely miss the white imp.
The white imp is moderately wounded.
The white imp hits you.
* * * LOW HITPOINT WARNING * * *
The white imp freezes you.
* * * LOW HITPOINT WARNING * * *
Your cerulean imp hits the white imp but does no damage.
The white imp hits you.
* * * LOW HITPOINT WARNING * * *
The white imp freezes you.
You die...

.#
####.##..#.##.)#...........
##
#..........##..#...........
#
#.###.#........##..#...#...
#.#.....#####..######.###.#
#.#.#.#######.####.#≈≈~#~≈~
#.#.#.# #.......#..≈~≈.≈≈~
#....># #.......#~~~~~~~~~
###.### #.......#~~~~~~~~~
#..# #@h.....##........
##.# #.5.....##.#...#.. #.#
#5>.....#.##..#... #.#
#.......###(#....# #.#
##########..#.P#.# #.#
##P...#.# #.####### ###
##P#..## #.......# ##.#
####### #.#####.#
##.######## #


You could see a white imp (ally target), a friendly cerulean imp (summoned) and
a friendly inugami (summoned).

Vanquished Creatures
  A scorpion (D:5)
  A gnoll bouda (D:5)
  A hound (D:4)
  2 gnolls
  3 adders
  A dart slug (D:1)
  3 orcs
  3 endoplasms
  2 giant cockroaches
  2 goblins
  5 hobgoblins
  3 jackals (D:3)
  A kobold (D:3)
  3 quokkas
  4 ball pythons
  3 bats
  4 frilled lizards
  7 rats
49 creatures vanquished.

Vanquished Creatures (collateral kills)
  Grinder (D:5)
  A phantom (D:4)
  A scorpion (D:3)
  An orc priest (D:4)
  An iguana (D:4)
  An orc wizard (D:4)
  3 gnolls
  2 adders
  3 dart slugs
  2 orcs
  A ball python (D:1)
  A bat (D:1)
  4 endoplasms
  A giant cockroach (D:1)
  3 kobolds
  3 rats
29 creatures vanquished.

Grand Total: 78 creatures vanquished

Notes
Turn   | Place    | Note
-------+----------+-------------------------------------------
     0 | D:1      | ChadusMaximus the Barachi Summoner began the quest for the
                  | Orb.
     0 | D:1      | Reached XP level 1. HP: 13/13 MP: 3/3
   126 | D:1      | Reached skill level 5 in Summonings
   494 | D:1      | Reached XP level 2. HP: 17/19 MP: 5/5
  1080 | D:2      | Found Deipsil's Antique Armour Shoppe.
  1164 | D:2      | Reached XP level 3. HP: 14/24 MP: 7/7
  1230 | D:2      | Learned a level 3 spell: Call Canine Familiar
  1233 | D:2      | Learned a level 2 spell: Call Imp
  1844 | D:3      | Noticed a scorpion
  1850 | D:3      | Killed a scorpion
  1851 | D:3      | Reached skill level 1 in Shields
  1851 | D:3      | Reached skill level 6 in Summonings
  1851 | D:3      | Reached XP level 4. HP: 30/30 MP: 5/8
  2140 | D:3      | Found an iron altar of Okawaru.
  2167 | D:3      | Reached XP level 5. HP: 35/35 MP: 9/9
  2215 | D:3      | Found a runed translucent gate.
  2215 | D:3      | Found a runed translucent gate.
  2217 | D:3      | Found a runed translucent gate.
  2219 | D:3      | Noticed riffraff's ghost (amateur MiBe)
  2281 | D:3      | Found a hide-covered altar of Uskayaw.
  2592 | D:4      | Found a broken altar of Ashenzari.
  3124 | D:4      | Found a bloodstained altar of Trog.
  3175 | D:4      | Reached skill level 7 in Summonings
  3202 | D:4      | Reached XP level 6. HP: 35/41 MP: 11/11
  3940 | D:5      | Entered Level 5 of the Dungeon
  3969 | D:5      | Reached XP level 7. HP: 38/46 MP: 13/13
  4012 | D:5      | Noticed Grinder
  4018 | D:5      | Reached skill level 8 in Summonings
  4151 | D:4      | Learned a level 4 spell: Summon Lightning Spire
  4181 | D:5      | Killed Grinder
  4187 | D:4      | Slain by a white imp

Illustrated notes

Levels and vault maps discovered:
D:1:      nicolae_arrival_washed_ashore, layout_loops_ring
D:2:      layout_loops_ring, serial_shops, shop
D:3:      layout_loops_ring, mainiacjoe_overflow_surrounded_room,
          mainiacjoe_overflow_24_doors, gammafunk_ghost_necromancy,
          nicolae_eternal_life
D:4:      wad_lake_hut, layout_loops_cross, lemuel_crystal_altar, bloody_trog
D:5:      layout_rooms, fedhas_altar_3, mainiacjoe_overflow_boulevard,
          serial_shops, shop, nicolae_ossuary_entry_ruins, st_stairs_12,
          minmay_puff, uniq_grinder

Skill      XL: |  1  2  3  4  5  6  7 |
---------------+----------------------+-----
Summonings     | 5 6 7 8 |  8.6
Shields        | 1 2 3 |  3.7
Spellcasting   | 3 4 |  4.6
Dodging        | |  2.1
Stealth        | |  1.7

Action                     |  1- 3 |  4- 6 |  7- 9 || total
---------------------------+-------+-------+-------++-------
  Melee: Unarmed           |    20 |       |       ||    20
         Short sword       |    59 |       |       ||    59
         Hand axe          |    31 |   117 |     8 ||   156
         Punch             |     1 |       |       ||     1
   Cast: Summon Small Mamm |    13 |     6 |     4 ||    23
         Call Imp          |     3 |     7 |     3 ||    13
         Call Canine Famil |     2 |     9 |     5 ||    16
Ability: Hop               |       |       |     1 ||     1
    Use: Scroll            |       |    12 |       ||    12
   Stab: Sleeping          |     6 |     1 |       ||     7
 Armour: Robe              |    63 |    96 |    34 ||   193
  Dodge: Dodged            |    85 |    78 |    20 ||   183
  Block: Buckler           |       |    28 |     8 ||    36
